 Dungeon Crawl Stone Soup version 0.29.0-4-gdea44cf6ec (webtiles) character file.

Game seed: 8898324355533186483

4 qw the Sneak (level 1, 0/14 HPs)
             Began as a Gargoyle Delver on Sept 10, 2022.
             Slain by a phantom (1 damage)
             ... on level 5 of the Dungeon.
             The game lasted 00:00:04 (167 turns).

qw the Sneak (Gargoyle Delver)                       Turns: 167, Time: 00:00:04

Health: 0/14       AC:  5    Str: 15    XL:     1   Next: 60%
Magic:  1/1        EV: 11    Int: 10    God:
Gold:   28         SH:  0    Dex: 11    Spells: 0/0 levels left

rFire   . . .      SeeInvis .   a - +0 hand axe
rCold   . . .      Faith    .   (no shield)
rNeg    + . .      Spirit   .   b - +0 leather armour
rPois   inf        Reflect  .   (no helmet)
rElec   +          Harm     .   (no cloak)
rCorr   .          Rampage  .   (no gloves)
Will    .....                   (no boots)
Stlth   +++.......              (no amulet)
HPRegen 0.04/turn               (no ring)
MPRegen 0.07/turn               (no ring)

@: no status effects
A: sickness immunity, AC +2, negative energy resistance 1, electricity
resistance, torment resistance 1, petrification resistance
a: no special abilities


You were on level 5 of the Dungeon.
You visited 1 branch of the dungeon, and saw 1 of its levels.

You collected 28 gold pieces.


Innate Abilities, Weirdness & Mutations

You are immune to sickness and miasma.
Your stone body is resilient. (AC +2)
You are immune to poison.
You resist negative energy. (rN+)
You are resistant to electric shocks. (rElec)
You are resistant to unholy torment.
You are immune to petrification.


   Skills:
 - Level 3.2 Fighting
 + Level 2.1 Axes
 - Level 1.5 Dodging
 - Level 5.4 Stealth


You couldn't memorise any spells.
You didn't know any spells.
Your spell library was empty.

Inventory:

Hand Weapons
 a - a +0 hand axe (weapon)
 h - a +0 flail
Missiles
 i - 3 boomerangs (quivered)
Armour
 b - a +0 leather armour (worn)
 j - a +0 scale mail
Wands
 g - a wand of digging (3)
Scrolls
 c - a scroll of fog
 d - a scroll of magic mapping
 e - a scroll of fear
 k - a scroll of amnesia {unknown}
Potions
 f - a potion of haste

Dungeon Overview and Level Annotations

Branches:
Dungeon (5/15)
 Temple: D:4-7

Altars:


Message History

You now have 10 gold pieces.
You see here a +0 short sword.
You now have 28 gold pieces (gained 18).
Found a stone staircase leading down.
Enter note:
Enter note:
Enter note: A phantom comes into view.
154 ||| Stepping ~*~*~tactically~*~*~ (stealth).
Throw: 3 boomerangs
Press: ? - help, Q - select action Shift-Dir - straight line, f - phantom You throw a boomerang.
The boomerang closely misses the phantom.
Throw: 3 boomerangs
Press: ? - help, Q - select action Shift-Dir - straight line, f/p - phantom You throw a boomerang.
The boomerang closely misses the phantom.
You completely miss the phantom. The phantom hits you.
You closely miss the phantom. The phantom hits you.
You closely miss the phantom. Your punch misses the phantom.
The phantom hits you but does no damage.
You hit the phantom but do no damage. The phantom barely misses you.
The phantom misses you.
You hit the phantom but do no damage. The phantom closely misses you.
You hit the phantom.
The phantom is moderately damaged.
The phantom hits you.
The phantom blinks!
You blink.
You hit the phantom.
The phantom is moderately damaged.
The phantom hits you but does no damage.
You barely miss the phantom.
The phantom is moderately damaged.
The phantom hits you.
The phantom blinks!
You blink.
You closely miss the phantom.
The phantom is moderately damaged.
The phantom hits you.
You die...

....#.. ..#
##.###.###...
..........####..#
#..##...
.....#.......##
##..#...
#..ยค..#####.##
#..#... #..##
#..####...## ##..#
##..##....## #.#
##.......## #.##
#......... #@W#
####.##.....#
###.###....####..##
###......#...# ##.#
......>..####.#
##.# #####....# #.#
.. #.#### ##. # #..
## ###


You could see a phantom.

Vanquished Creatures
  2 orcs (D:5)
2 creatures vanquished.

Notes
Turn   | Place    | Note
-------+----------+-------------------------------------------
     0 | D:5      | qw the Gargoyle Delver began the quest for the Orb.
     0 | D:5      | Reached XP level 1. HP: 14/14 MP: 1/1
     0 | D:5      | 0 ||| qw: Version: 0.1-a-117-gfe26ee0
     0 | D:5      | 0 ||| qw: Game counter: 9594
     0 | D:5      | 0 ||| qw: Always use a shield: true
     0 | D:5      | 0 ||| qw: God list: Okawaru
     0 | D:5      | 0 ||| qw: Allow faded altars: false
     0 | D:5      | 0 ||| qw: Do Orc after D:15 true
     0 | D:5      | 0 ||| qw: Do second Lair branch before Depths: true
     0 | D:5      | 0 ||| qw: Lair rune preference: random
     0 | D:5      | 0 ||| qw: Plans: Normal
     0 | D:5      | 0 ||| PLANNING D:1-11
    26 | D:5      | 26 ||| Stepping ~*~*~tactically~*~*~ (stealth).
    27 | D:5      | 27 ||| Stepping ~*~*~tactically~*~*~ (stealth).
    29 | D:5      | 29 ||| Stepping ~*~*~tactically~*~*~ (stealth).
    31 | D:5      | 31 ||| Stepping ~*~*~tactically~*~*~ (stealth).
   153 | D:5      | Noticed a phantom
   154 | D:5      | 154 ||| Stepping ~*~*~tactically~*~*~ (stealth).
   164 | D:5      | HP: 3/14 [phantom (6)]
   166 | D:5      | HP: 1/14 [phantom (2)]
   167 | D:5      | Slain by a phantom

Levels and vault maps discovered:
D:5:      layout_layer_cave, minmay_misc_feat_x, uniq_edmund

Skill      XL: |  1 |
---------------+----+-----
Axes           | 2 |  2.1
Fighting       | |  3.2
Dodging        | |  1.5
Stealth        | |  5.4

Action                   || total
-------------------------++-------
Melee: Hand axe          ||    17
Throw: Boomerang         ||     2
Armor: Leather armour    ||     4
Dodge: Dodged            ||     7

Table legend:
 A = Non-vault XP
 B = Vault XP
 C = Vault XP percentage of total XP
 D = Non-vault monster count
 E = Vault monster count
 F = Vault count percentage of total count
                 A         B        C        D         E       F
            +---------+---------+-------+---------+---------+-------
      Total |       6 |       0 |   0.0 |       2 |       0 |   0.0
            +---------+---------+-------+---------+---------+-------
        D:5 |       6 |       0 |   0.0 |       2 |       0 |   0.0
            +---------+---------+-------+---------+---------+-------
